cohdb
Replays
Latest Replays
All Replays
Popular Replays
Top Player Replays
Match Explorer
How It Works
Community
CoH3 Stats
Reddit
Sign in to upload your games and track your stats! →
Sign in with Steam
Match 44370381
Unlisted
Match 44370381
Overview
Messages
Build Orders
End
Royal Engineer Section
Vickers Machine Gun Team
Selects Air and Sea Battlegroup
Construct Section Command Post
Infantry Section
ML 3-inch Mortar Team
Construct Field Infirmary
Selects Supply Surplus
Infantry Section
Construct Resource Cache
Construct Platoon Command Post
Infantry Section
Selects UNKNOWN (223837)
Selects Commando Section Paradrop
Selects M1 Pack Howitzer Paradrop
Commando Section Paradrop
Construct Company Command Post
Construct Resource Cache
Matilda II Heavy Tank
Construct Resource Cache
Selects Assault Flares
Assault Flares
Grenade Package
Centaur IV Medium Tank
Team Weapon Training
Unlock Bishop Self-propelled Artillery
Bishop Self-propelled Artillery
Assault Flares
Armored Vehicle Training
Crusader II Medium Tank
Assault Flares
robwarrior
A40degreeday
[EOG]army3945
shapur NANG
0
0
Comments
sign in to comment!
No comments posted yet!